 Dungeon Crawl Stone Soup version 0.25-a0-310-g60f0ac2 (webtiles) character file.

Game seed: 15588483211595732617, levelgen mode: deterministic

704 MrTaco21 the Basher (level 7, -14/41 HPs)
             Began as a Gargoyle Fighter on Dec 23, 2019.
             Killed from afar by Pikel (15 damage)
             ... with a bolt of acid
             ... on level 3 of the Dungeon.
             The game lasted 00:06:51 (3103 turns).

MrTaco21 the Basher (Gargoyle Fighter)              Turns: 3103, Time: 00:06:52

Health: -14/41     AC:  7    Str: 21    XL:     7   Next: 67%
Magic:  7/7        EV:  7    Int:  9    God:
Gold:   325        SH:  9    Dex:  9    Spells: 6/6 levels left

rFire    . . .     SeeInvis .   a - +0 flail
rCold    . . .     Gourm    .   c - +0 shield
rNeg     + . .     Faith    .   b - +0 scale mail
rPois    ∞         Spirit   .   (no helmet)
rElec    +         Reflect  .   (no cloak)
rCorr    .         Harm     .   (no gloves)
MR       .....                  (no boots)
Stlth    ..........             r - amulet of magic regeneration
HPRegen  0.13/turn              (no ring)
MPRegen  0.35/turn              (no ring)

@: corroded
A: negative energy resistance 1, electricity resistance, unbreathing,
petrification resistance, rot immunity, AC +4
a: no special abilities


You were on level 3 of the Dungeon.
You were not hungry.

You visited 1 branch of the dungeon, and saw 4 of its levels.

You collected 325 gold pieces.

Inventory:

Hand Weapons
 a - a +0 flail (weapon)
Armour
 b - a +0 scale mail (worn)
 c - a +0 shield (worn)
Jewellery
 r - an amulet of magic regeneration (around neck)
   (You found it on level 3 of the Dungeon)
 x - an uncursed ring of see invisible {unknown}
   (You found it on level 4 of the Dungeon)
Wands
 t - a wand of flame (25)
   (You found it on level 3 of the Dungeon)
Scrolls
 h - 3 scrolls of remove curse {unknown}
 i - 4 scrolls of teleportation {unknown}
 j - 2 scrolls of enchant armour {unknown}
 l - a scroll of magic mapping {unknown}
 m - 2 scrolls of fog {unknown}
 n - a scroll of identify {unknown}
 s - a scroll of blinking {unknown}
 u - a scroll of immolation {unknown}
 w - a scroll of enchant weapon {unknown}
Potions
 d - 3 potions of might
 f - 2 potions of invisibility {unknown}
 g - a potion of heal wounds {unknown}
 k - a potion of curing {unknown}
 o - a potion of mutation {unknown}
 p - a potion of berserk rage {unknown}
 v - 2 potions of lignification {unknown}
Comestibles
 e - 13 rations {!d}
 q - 10 chunks of flesh


   Skills:
 - Level 3.2 Fighting
 + Level 8.4 Maces & Flails
 - Level 3.2 Armour
 - Level 3.2 Shields


You had 6 spell levels left.
You didn't know any spells.
Your spell library contained the following spells:

 Spells                   Type           Power        Failure   Level  Hunger
 Beastly Appendage        Tmut           #.....       99%         1    ##.....
 Sticks to Snakes         Tmut           #.......     100%        2    ###....
 Spider Form              Tmut/Pois      #.........   100%        3    ####...
 Ice Form                 Ice/Tmut       #.......     100%        4    #####..
 Blade Hands              Tmut           #.........   100%        5    ######.


Dungeon Overview and Level Annotations

Branches:
Dungeon (4/15)
 Temple: D:4-7

Altars:
Kikubaaqudgha
Trog
Zin

Annotations:
D:3 Pikel


Innate Abilities, Weirdness & Mutations

You are resistant to torment.
Your stone body is resilient. (AC +4)
You are immune to poison.
You resist negative energy. (rN+)
You are resistant to electric shocks. (rElec)
You can survive without breathing.
You are immune to petrification.
You are immune to rotting.


Message History

a +0 spear; a gnoll skeleton
Things that are here:
a +0 spear; a gnoll skeleton
Things that are here:
a +0 spear; a gnoll skeleton
Things that are here:
a +0 spear; a gnoll skeleton
Things that are here:
a +0 spear; a gnoll skeleton
Things that are here:
a +0 spear; a gnoll skeleton You open the large door.
There is a large open door here.
There is a dry fountain here.
You open the large door.
There is a large open door here.
Pikel the Slaver comes into view.
He is wielding a +0 whip of freezing and carrying a wand of acid (6).
Pikel shouts!
You hear a shout! x2
A slave comes into view. x2
Pikel moves out of view.
You hear a shout!
Unknown command.
You see here a leather armour.
You see here a leather armour.
Pikel zaps a wand.
The bolt of acid hits you!
You are splashed with acid!
* * * LOW HITPOINT WARNING * * *
Unknown command.
The slave shouts!
A slave comes into view. x2
The slave shouts!
There is a stone staircase leading up here.
Pikel zaps a wand.
The bolt of acid hits you.
* * * LOW HITPOINT WARNING * * *
The acid corrodes you!
You are splashed with acid!
* * * LOW HITPOINT WARNING * * *
You climb upwards.
There is a stone staircase leading down here.
You hit Pikel but do no damage. You block Pikel's attack.
You closely miss Pikel. You block Pikel's attack.
You barely miss Pikel. Pikel barely misses you.
You hit Pikel but do no damage.
Pikel hits you with a +0 whip of freezing.
* * * LOW HITPOINT WARNING * * *
Pikel freezes you.
* * * LOW HITPOINT WARNING * * *
Pikel zaps a wand.
The bolt of acid hits you!
You die...

#..###.#≈#.###.....###.# #.#
#......#≈#......#### #.#######.#
#..###.#≈#.###..# #.........#
#..).#.#≈#.#....# ###########
##.##.###≈###...##
.............)..#
##.###..........#
#.######....#..## ##########
#...........#.K@#######.........
#############............#######
#...######...### #
#)######.......# #
#..........>...#####
########............
###...####### #.(.# #####


You could see Pikel.

Vanquished Creatures
  Grinder (D:3)
  Sigmund (D:3)
  A bullfrog (D:4)
  A scorpion (D:4)
  An orc priest (D:4)
  Jessica (D:2)
  2 iguanas (D:4)
  A worker ant (D:4)
  3 gnolls (D:4)
  2 adders
  2 oozes
  A worm (D:2)
  3 dart slugs
  A leopard gecko (D:4)
  4 orcs
  2 bats (D:1)
  A giant cockroach (D:1)
  2 goblins
  6 hobgoblins
  8 jackals
  A quokka (D:2)
  5 ball pythons
  A frilled lizard (D:3)
  6 kobolds
  4 rats
61 creatures vanquished.

Notes
Turn   | Place    | Note
-------+----------+-------------------------------------------
     0 | D:1      | MrTaco21 the Gargoyle Fighter began the quest for the Orb.
     0 | D:1      | Reached XP level 1. HP: 14/14 MP: 1/1
   244 | D:1      | Reached XP level 2. HP: 14/19 MP: 2/2
   615 | D:1      | Reached skill level 3 in Maces & Flails
   874 | D:2      | Reached XP level 3. HP: 5/23 MP: 3/3
  1233 | D:2      | Found an ancient bone altar of Kikubaaqudgha.
  1500 | D:2      | Reached skill level 4 in Maces & Flails
  1558 | D:2      | Noticed Jessica
  1559 | D:2      | Killed Jessica
  1559 | D:2      | Reached XP level 4. HP: 28/28 MP: 4/4
  1837 | D:3      | Found a glowing silver altar of Zin.
  1961 | D:3      | Noticed Sigmund
  1971 | D:3      | Killed Sigmund
  1971 | D:3      | Reached skill level 6 in Maces & Flails
  1971 | D:3      | Reached XP level 5. HP: 12/32 MP: 5/5
  1971 | D:3      | Reached XP level 6. HP: 14/37 MP: 6/6
  2183 | D:3      | Noticed Grinder
  2194 | D:3      | Killed Grinder
  2194 | D:3      | Reached skill level 7 in Maces & Flails
  2194 | D:3      | Reached XP level 7. HP: 38/41 MP: 7/7
  2632 | D:4      | Reached skill level 8 in Maces & Flails
  2755 | D:4      | Found a bloodstained altar of Trog.
  3084 | D:4      | Noticed Pikel
  3098 | D:4      | HP: 2/41 [acid (11)]
  3103 | D:3      | HP: 2/41 [Pikel/+0 whip of freezing (1)]
  3103 | D:3      | Killed from afar by Pikel

Levels and vault maps discovered:
D:1:      shiori_shiawase, layout_basic
D:2:      layout_loops_ring, overflow_temple_1_default, minivault_27,
          uniq_jessica
D:3:      layout_loops_ring, lemuel_crystal_altar,
          hangedman_abyss_or_decor_stabs, grunt_decor_cap, uniq_grinder,
          uniq_sigmund
D:4:      layout_cave_pods, kennysheep_little_box, bloody_trog,
          kennysheep_generic_room_3, uniq_pikel

Skill      XL: |  1  2  3  4  5  6  7 |
---------------+----------------------+-----
Maces & Flails | 3 4 6 7 8 |  8.4
Fighting       | |  3.2
Armour         | |  3.2
Shields        | |  3.2

Action                   |  1- 3 |  4- 6 |  7- 9 || total
-------------------------+-------+-------+-------++-------
Melee: Flail             |   106 |    34 |    83 ||   223
  Eat: Chunk             |     2 |     2 |     3 ||     7
Armor: Scale mail        |    53 |    12 |    47 ||   112
Dodge: Dodged            |    40 |     8 |    25 ||    73
Block: Shield            |    53 |     6 |    49 ||   108

Table legend:
 A = Non-vault XP
 B = Vault XP
 C = Vault XP percentage of total XP
 D = Non-vault monster count
 E = Vault monster count
 F = Vault count percentage of total count
                 A         B        C        D         E       F
            +---------+---------+-------+---------+---------+-------
      Total |     477 |     530 |  52.6 |      58 |       3 |   4.9
            +---------+---------+-------+---------+---------+-------
        D:1 |      19 |       0 |   0.0 |       7 |       0 |   0.0
        D:2 |      59 |      37 |  38.5 |      24 |       1 |   4.0
        D:3 |      23 |     493 |  95.5 |      12 |       2 |  14.3
        D:4 |     376 |       0 |   0.0 |      15 |       0 |   0.0
            +---------+---------+-------+---------+---------+-------
